 Dungeon Crawl Stone Soup version 0.29.1-15-g9cfb28693d (webtiles) character file.

Game seed: 12179240611790236157

32 Hugehornet the Sneak (level 3, -7/24 HPs)
             Began as an Octopode Brigand on Mar 17, 2023.
             Mangled by a gnoll
             ... wielding a +0 halberd
              (17 damage)
             ... on level 2 of the Dungeon.
             The game lasted 00:01:06 (924 turns).

Hugehornet the Sneak (Octopode Brigand)              Turns: 924, Time: 00:01:07

Health: -7/24      AC:  1    Str: 10    XL:     3   Next: 25%
Magic:  3/3        EV: 12    Int: 15    God:
Gold:   103        SH:  0    Dex: 13    Spells: 2/2 levels left

rFire   . . .      SeeInvis .   a - +2 dagger
rCold   . . .      Faith    .   (no shield)
rNeg    . . .      Spirit   .   (helmet restricted)
rPois   .          Reflect  .   (no amulet)
rElec   .          Harm     .   (no ring)
rCorr   .          Rampage  .   (no ring)
Will    .....                   (no ring)
Stlth   ++++......              (no ring)
HPRegen 0.08/turn               (no ring)
MPRegen 0.08/turn               (no ring)
                                (no ring)
                                (no ring)

@: no status effects
A: almost no armour, amphibious, 8 rings, camouflage 1, gelatinous body 1,
(nimble swimmer 1), tentacles
a: no special abilities


You were on level 2 of the Dungeon.
You visited 1 branch of the dungeon, and saw 2 of its levels.

You collected 103 gold pieces.

Inventory:

Hand Weapons
 a - a +2 dagger (weapon)
Missiles
 b - 9 poisoned darts (quivered)
 c - 3 curare-tipped darts
Jewellery
 g - an amulet of magic regeneration
Scrolls
 d - a scroll of enchant weapon {unknown}
 e - a scroll of vulnerability {unknown}
 h - 3 scrolls of teleportation {unknown}
 l - a scroll of immolation {unknown}
 m - a scroll of torment {unknown}
Potions
 f - a potion of curing {unknown}
 i - a potion of degeneration {unknown}
 j - a potion of invisibility {unknown}
 k - 2 potions of heal wounds {unknown}


   Skills:
 - Level 2.0 Fighting
 - Level 2.0 Short Blades
 - Level 2.0 Throwing
 - Level 1.0 Dodging
 * Level 6.9 Stealth


You had 2 spell levels left.
You didn't know any spells.
Your spell library contained the following spells:

 Spells                   Type           Power      Damage    Failure   Level
 Summon Small Mammal      Summ           0%         N/A       26%         1
 Call Canine Familiar     Summ           0%         N/A       63%         3
 Summon Guardian Golem    Hex/Summ       0%         N/A       63%         3


Dungeon Overview and Level Annotations

Branches:
Dungeon (2/15)

Altars:

Shops:
D:2 (


Innate Abilities, Weirdness & Mutations

You cannot wear most types of armour.
You are amphibious.
You can wear up to eight rings at the same time.
Your skin changes colour to match your surroundings (Stealth+).
Your rubbery body absorbs attacks. (AC +1, EV +1)
((You are camouflaged when in or above water. (Stealth+)))
You have tentacles for arms and can constrict up to eight enemies at once.


Message History

No target in view!
HP restored.
h - 3 scrolls labelled ZUFRIE IG QEMM (gained 1)
You see here a worm corpse.
You now have 103 gold pieces (gained 5).
k - 2 green potions (gained 1)
Found a stone staircase leading down.
There is a stone staircase leading down here.
m - a scroll labelled QOHUOG PUASH
Found a flail.
A bat comes into view.
A bat is nearby! 3 gnolls come into view.
A gnoll comes into view. It is wielding a +0 halberd.
The gnoll shouts! x3
The bat closely misses you.
The gnoll throws a throwing net.
The throwing net hits you.
You become entangled in the net!
You see here a throwing net.
You are held in a net!
You are held in a net!
You are held in a net!
Unknown command.
You struggle against the net.
The bat barely misses you.
The gnoll hits you from afar with a +0 halberd.
The gnoll hits you with a +0 flail.
You struggle against the net.
The gnoll barely misses you. The gnoll closely misses you. The bat hits you.
You shred the net and break free! The bat hits you but does no damage.
The gnoll hits you from afar with a +0 halberd!
You hit the gnoll. You grab the gnoll.
The gnoll is lightly wounded.
You constrict the gnoll. The bat hits you but does no damage.
The gnoll misses you.
You hit the gnoll.
The gnoll is moderately wounded.
You constrict the gnoll. The bat hits you but does no damage.
The gnoll hits you from afar with a +0 halberd!
Ouch! That really hurt!
You die...

###....#########
#.#.## ###.###
#.....# #.###..#
#.# ..# #.###..#
###.#####.....##
....ggg@.####.#
#....g##.# ##...
#)# #.. #.# #.
... # #.# #.#
#.# ..#


You could see 4 gnolls.

Vanquished Creatures
  A worm (D:2)
  2 ball pythons
  A bat (D:1)
  An endoplasm (D:1)
  3 giant cockroaches (D:1)
  3 goblins (D:1)
  3 hobgoblins
  2 jackals (D:1)
  A quokka (D:1)
  A frilled lizard (D:1)
  3 kobolds (D:1)
  5 rats (D:1)
26 creatures vanquished.

Notes
Turn   | Place    | Note
-------+----------+-------------------------------------------
     0 | D:1      | Hugehornet the Octopode Brigand began the quest for the
                  | Orb.
     0 | D:1      | Reached XP level 1. HP: 14/14 MP: 1/1
     7 | D:1      | Found a faded altar of an unknown god.
   132 | D:1      | Reached skill level 6 in Stealth
   132 | D:1      | Reached XP level 2. HP: 17/19 MP: 2/2
   541 | D:1      | Reached XP level 3. HP: 24/24 MP: 3/3
   733 | D:2      | Found Myathruu's Antique Weapon Shoppe.
   924 | D:2      | Mangled by a gnoll

Illustrated notes

Levels and vault maps discovered:
D:1:      minmay_arrival_diagonal_passages, layout_loops_ring,
          dreamdust_ecumenical_altar_statues, chequers_serial_rivers_micro_c
D:2:      layout_loops_corners, serial_shops, nicolae_shop_crystal

Skill      XL: |  1 |
---------------+----+-----
Stealth        | 6 |  6.9
Fighting       | |  2.0
Short Blades   | |  2.0
Throwing       | |  2.0
Dodging        | |  1.0

Action                   || total
-------------------------++-------
Melee: Dagger            ||    40
       Constrict         ||     9
       Tentacles         ||     7
 Stab: Sleeping          ||    12
Armor: Skin              ||     6
Dodge: Dodged            ||    16
